 Dungeon Crawl Stone Soup version 0.31-a0-1616-gbeaec30b81 (webtiles) character file.

Game seed: 17748552092008370568

100 LeprechaunX the Changeling (level 4, -5/29 HPs)
             Began as an Octopode Shapeshifter on Jan 10, 2024.
             Killed by divine providence
             ... invoked by an orc priest
              (15 damage)
             ... on level 3 of the Dungeon.
             The game lasted 00:01:34 (1891 turns).

LeprechaunX the Changeling (Octopode Shapeshifter)  Turns: 1891, Time: 00:01:34

Health: -5/29      AC:  1    Str: 13    XL:     4   Next: 74%
Magic:  4/4        EV: 13    Int: 12    God:
Gold:   99         SH:  0    Dex: 13    Spells: 3/3 levels left

rFire   . .          .
                       - Unarmed
rCold   . . .        (no shield)
rNeg    . . .        (helmet currently unavailable)
rPois   .            (no amulet)
rElec   .            h - ring of willpower
rCorr   .            (no ring)
SInv    .            (no ring)
Will    +....        (no ring)
Stlth   ++           (no ring)
HPRegen 0.24/turn    (no ring)
MPRegen 0.09/turn    (no ring)
                     (no ring)

%: no passive effects
@: beast-form
A: beast (slay +2), almost no armour, amphibious, 8 rings, camouflage 1,
gelatinous body 1, (nimble swimmer 1), tentacles
a: Begin Untransformation


You were on level 3 of the Dungeon.
You were a hulking beast.
You visited 1 branch of the dungeon, and saw 3 of its levels.

You collected 99 gold pieces.

Inventory:

Jewellery
 h - a ring of willpower (left tentacle)
 n - an amulet of reflection
Talismans
 b - a beast talisman
 c - a flux talisman
 k - a blade talisman
 l - a maw talisman
Scrolls
 d - 2 scrolls of teleportation {unknown}
 i - a scroll of vulnerability {unknown}
 j - 3 scrolls of summoning {unknown}
Potions
 a - 3 potions of lignification
 e - a potion of cancellation {unknown}
 f - 2 potions of haste {unknown}
 g - 2 potions of curing {unknown}
 m - 2 potions of ambrosia {unknown}


   Skills:
 + Level 2.1 Fighting
 + Level 2.7 Dodging
 + Level 3.5 Unarmed Combat
 * Level 3.8 Shapeshifting


You had 3 spell levels left.
You didn't know any spells.
Your spell library contained the following spells:

 Spells                   Type           Power      Damage    Failure   Level
 Apportation              Tloc           0%         N/A       32%         1
 Jinxbite                 Hex            0%         N/A       45%         2
 Alistair's Intoxication  Alch           0%         N/A       100%        5


Dungeon Overview and Level Annotations

Branches:
Dungeon (3/15)

Altars:


Innate Abilities, Weirdness & Mutations

You are a hulking beast.
Your limbs bulge with bestial killing power. (Slay +2)
You cannot wear most types of armour.
You are amphibious.
You can wear up to eight rings at the same time.
Your skin changes colour to match your surroundings (Stealth+).
Your rubbery body absorbs attacks. (AC +1, EV +1)
((You are camouflaged when in or above water. (Stealth+)))
You have tentacles for arms and can constrict up to eight enemies at once.


Message History

The orc priest is lightly wounded.
You constrict the orc priest. You bludgeon the orc priest!
You squeeze the orc priest.
You kill the orc priest!
Your Fighting skill increases to level 2!
You swing at nothing.
An orc comes into view. It is wielding a +0 club.
The orc shouts! x2
You tentacle-slap the orc. You grab the orc. You squeeze the orc.
You kill the orc!
You swing at nothing.
You swing at nothing.
You barely miss the orc. Your grab misses the orc.
You squeeze the orc, but do no damage. The orc hits you with a +0 dagger.
You bludgeon the orc!
You kill the orc!
You tentacle-slap the orc. You grab the orc.
The orc is lightly wounded.
You constrict the orc. The orc barely misses you.
You tentacle-slap the orc but do no damage.
You squeeze the orc.
You kill the orc!
You tentacle-slap the orc. You grab the orc.
The orc is moderately wounded.
You constrict the orc. The orc hits you with a +0 club.
The orc priest shouts!
You tentacle-slap the orc.
You kill the orc!
You tentacle-slap the kobold.
You kill the kobold!
You swing at nothing.
You swing at nothing.
The orc throws a boomerang.
The boomerang hits you.
You swing at nothing.
The orc priest mumbles some strange prayers to Beogh against you.
Beogh smites you!
The orc throws a boomerang.
The boomerang closely misses you.
You swing at nothing.
The orc priest calls down the wrath of Beogh upon you.
Beogh smites you!
Ouch! That really hurt!
You die...

#$# #.### #...# #.#.# ..#.#
#######.#.# .[......#.#
....o..)#.#####
.o.....#h.....#
.oo.K[.#.####.#
############..#.#
#.........#...#.####
#.#######.#####....# #.#
#.# #.##.# ##.#
#.########.####### ...#
#.................
###################.####.##


You could see an orc priest.

Vanquished Creatures
  An orc priest (D:3)
  An adder (D:2)
  2 ribbon worms (D:2)
  3 dart slugs (D:1)
  4 orcs (D:3)
  2 ball pythons (D:1)
  4 bats
  4 endoplasms
  2 giant cockroaches (D:2)
  A goblin (D:1)
  5 hobgoblins
  A quokka (D:1)
  A frilled lizard (D:1)
  10 kobolds
  4 rats
45 creatures vanquished.

Notes
Turn   | Place    | Note
-------+----------+-------------------------------------------
     0 | D:1      | LeprechaunX the Octopode Shapeshifter began the quest for
                  | the Orb.
     0 | D:1      | Reached XP level 1. HP: 13/13 MP: 1/1
   153 | D:1      | Reached XP level 2. HP: 18/18 MP: 2/2
   604 | D:1      | Reached XP level 3. HP: 10/23 MP: 3/3
  1591 | D:2      | Reached XP level 4. HP: 29/29 MP: 4/4
  1891 | D:3      | Killed from afar by an orc priest

Illustrated notes

Levels and vault maps discovered:
D:1:      sevenhm_arrival_forest_fort_small_5, layout_loops_ring,
          palyth_stone_intersect
D:2:      layout_loops_corners
D:3:      kennysheep_slugbush, layout_basic, mainiacjoe_overflow_cross_hatched

Skill      XL: |  1  2  3  4 |
---------------+-------------+-----
Fighting       | 2 |  2.1
Dodging        | |  2.7
Unarmed Combat | |  3.5
Shapeshifting  | |  3.8

Action                     |  1- 3 |  4- 6 || total
---------------------------+-------+-------++-------
  Melee: Unarmed           |    65 |    13 ||    78
         Constrict         |    15 |     4 ||    19
         Tentacles         |    13 |     5 ||    18
         Punch             |     4 |       ||     4
   Stab: Sleeping          |    10 |       ||    10
 Armour: Skin              |    20 |     5 ||    25
  Dodge: Dodged            |    24 |     6 ||    30

Table legend: (Time is in decaauts)
 A = Elapsed time spent in this place.
 B = Non-inter-level travel time spent in this place.
 C = Inter-level travel time spent in this place.
 D = Time resting spent in this place.
 E = Time spent auto-exploring this place.
 F = Levels seen in this place.
 G = Mean time per level.
                   A        B        C        D        E       F      G
               +--------+--------+--------+--------+--------+-----+--------+
         Total |   1884 |   1808 |     76 |      0 |   1573 |   3 |  628.0 |
       Dungeon |   1884 |   1808 |     76 |      0 |   1573 |   3 |  628.0 |
               +--------+--------+--------+--------+--------+-----+--------+

Top non-repeatable levels by time:
     D:2: 919 daAuts
     D:1: 853 daAuts
     D:3: 112 daAuts
